AoeStats
← Dreist

Arabia

509975900Analyzed
1v1 RM · 4d ago on Sep 28, 2026· 55m 11s· 2 players
Game mode
Random Map
Map size
Tiny (2 player)
Population
200
Speed
Normal
Resources
Standard
Victory
Conquest
Starting age
Dark Age
Ending age
Imperial Age
RankedLock teamsTeams togetherTeam positionsShared explorationLock speedFull tech treeHidden civsTurbo modeCheats
Victory
Defeat
🇹🇷 Cumans · Türkiye
1156
+16
🇺🇸 Hindustanis · United States
1158
-16
kereM
6:07 Loom
9:10 Feudal Age
16:04 Double-Bit Axe
16:49 Horse Collar
23:19 Castle Age
23:22 Wheelbarrow
22:38 Gold Mining
22:42 Fletching
23:04 Forging
23:00 Scale Barding Armor
25:06 Heavy Plow
27:07 Chain Barding Armor
27:22 Iron Casting
26:42 Fletching
26:52 Padded Archer Armor
27:22 Bow Saw
27:40 Crossbowman
28:26 Thumb Ring
28:23 Bodkin Arrow
28:43 Leather Archer Armor
36:49 Imperial Age
35:42 Stone Mining
36:27 Gold Shaft Mining
36:23 Chain Barding Armor
36:38 Iron Casting
36:44 Ballistics
37:41 Hand Cart
37:11 Town Watch
37:07 Heavy Cavalry Archer
38:51 Parthian Tactics
39:50 Chemistry
38:35 Light Cavalry
39:25 Bloodlines
40:28 Hussar
41:48 Ring Archer Armor
42:19 Blast Furnace
41:54 Plate Barding Armor
44:58 Blast Furnace
48:47 Two-Man Saw
48:20 Crop Rotation
Dreist
6:03 Loom
9:27 Feudal Age
10:04 Double-Bit Axe
13:38 Horse Collar
19:50 Castle Age
17:44 Gold Mining
18:23 Bloodlines
18:40 Forging
20:24 Wheelbarrow
20:05 Light Cavalry
20:43 Town Watch
22:53 Iron Casting
24:49 Bow Saw
26:11 Scale Barding Armor
27:50 Chain Barding Armor
32:46 Stone Mining
32:59 Heavy Plow
33:29 Fletching
33:39 Padded Archer Armor
33:06 Elite Skirmisher
34:05 Thumb Ring
35:01 Bodkin Arrow
35:22 Leather Archer Armor
36:08 Grand Trunk Road
37:13 Ballistics
41:17 Imperial Age
42:52 Scale Mail Armor
43:07 Heavy Camel Rider
45:39 Chain Mail Armor
48:46 Plate Barding Armor
52:21 Hussar
Connection lost

Rejoining the realm…

Still unreachable

The connection could not be restored.

Session expired

The server has moved on; the page needs a fresh start.